 Dungeon Crawl Stone Soup version 0.23-a0-329-g6f3f904 (webtiles) character file.

629730 Mgcat the Bludgeoner (level 27, -17/175 HPs)
             Began as a Gargoyle Warper on Oct 13, 2018.
             Was the Champion of Zin.
             Killed from afar by an orb of fire (54 damage)
             ... with a bolt of fire
             ... on level 5 of the Realm of Zot on Oct 16, 2018.
             The game lasted 04:52:19 (80149 turns).

Mgcat the Bludgeoner (Gargoyle Warper)             Turns: 80149, Time: 04:52:19

Health: -17/175    AC: 63    Str: 34    XL:     27
Magic:  37/39      EV: 12    Int: 31    God:    Zin [******]
Gold:   6104       SH: 19    Dex: 15    Spells: 27/50 levels left

rFire    + . .     SeeInvis +   b - +9 eveningstar (freeze)
rCold    + . .     Gourm    .   p - +2 shield {AC+3}
rNeg     + . .     Faith    .   V - +2 gold dragon scales
rPois    ∞         Spirit   .   O - +2 helmet {Int+3}
rElec    +         Reflect  +   o - +2 cloak {MR+}
rCorr    .         Harm     .   K - +2 pair of gloves {archery}
MR       +++++                  s - +2 pair of boots {run}
Stlth    ..........             G - +3 amulet of reflection
HPRegen  0.39/turn              M - ring of the Mage {Wiz MR++ Int+3}
MPRegen  0.26/turn              Y - ring of see invisible {sInv, !d}

@: mighty, vitalised, flying, quick
A: big wings, negative energy resistance 1, electricity resistance, unbreathing,
petrification resistance, rot immunity, AC +20
}: 4/15 runes: decaying, silver, abyssal, gossamer
a: Stop Flying, Recite, Vitalisation, Imprison, Sanctuary, Donate Gold, Renounce
Religion


You were on level 5 of the Realm of Zot.
You worshipped Zin.
Zin was exalted by your worship.
You were very full.

You visited 9 branches of the dungeon, and saw 49 of its levels.
You visited the Abyss 2 times.
You also visited: Ice Cave.

You collected 6906 gold pieces.
You spent 308 gold pieces at shops.
You donated 494 gold pieces to Zin.

Inventory:

Hand Weapons
 a - the +6 hand crossbow "Cibipoud" {flame, Int+2}
   (You found it in an ice cave)

   It causes projectiles fired from it to burn those they strike, causing extra
   injury to most foes and up to half again as much damage against particularly
   susceptible opponents.
   It affects your intelligence (+2).
 b - a +9 eveningstar of freezing (weapon)
   (You acquired it on level 3 of the Swamp)
Missiles
 E - 2069 bolts
 L - 3 throwing nets {=f, !d}
Armour
 o - a +2 cloak of magic resistance (worn)
   (You found it in an ice cave)
 p - a +2 shield of protection (worn)
   (You took it off a deep elf demonologist on level 3 of the Elven Halls)
 s - a +2 pair of boots of running (worn)
   (You found it on level 14 of the Dungeon)
 K - a +2 pair of gloves of archery (worn)
   (You found it on level 14 of the Dungeon)
 O - a +2 helmet of intelligence (worn)
   (You found it on level 5 of the Lair of Beasts)
 V - +2 gold dragon scales (worn)
   (You found it on level 5 of the Depths)
Jewellery
 G - a +3 amulet of reflection (around neck)
   (You found it on level 4 of the Depths)
 I - an uncursed ring of protection from fire {rF+, !d}
   (You took it off a spriggan on level 6 of the Lair of Beasts)
 M - the ring of the Mage (left hand) {Wiz MR++ Int+3}
   (You took it off a spriggan berserker on level 5 of the Depths)

   [ring of wizardry]

   It improves your spell success rate.
   It affects your intelligence (+3).
   It affects your resistance to hostile enchantments.
 Y - a ring of see invisible (right hand) {sInv, !d}
   (You bought it in a shop on level 2 of the Depths)
Wands
 j - a wand of iceblast (70)
   (You found it on level 9 of the Dungeon)
 y - a wand of paralysis (86)
   (You found it on level 12 of the Dungeon)
 J - a wand of acid (8)
   (You found it on level 13 of the Dungeon)
 N - a wand of disintegration (34)
   (You took it off an orc warrior on level 15 of the Dungeon)
 P - a wand of digging (40)
   (You found it on level 5 of the Lair of Beasts)
 R - a wand of enslavement (19)
   (You found it on level 1 of the Spider Nest)
Scrolls
 d - 9 scrolls of blinking {!r}
 g - 10 scrolls of immolation {!r}
 l - 2 scrolls of summoning
 r - 16 scrolls of teleportation
 v - 21 scrolls of identify
 w - 29 scrolls of remove curse
 z - 4 scrolls of fear
 A - 2 scrolls of fog
 B - 14 scrolls of amnesia
 S - 2 scrolls of magic mapping {!r}
 U - 2 scrolls of holy word {!r}
Potions
 c - 5 potions of magic
 e - a potion of heal wounds
 h - 10 potions of curing
 i - 10 potions of brilliance
 m - a potion of might
 n - 5 potions of berserk rage {!q}
 u - a potion of haste
 x - 2 potions of ambrosia
 C - 2 potions of agility
 F - 7 potions of mutation {!q}
 H - 2 potions of resistance
 Q - 2 potions of invisibility
Miscellaneous
 q - 3 sacks of spiders
 W - a phantom mirror
 X - a phial of floods
   (You found it on level 5 of the Vaults)
Comestibles
 f - 50 rations
 k - 7 chunks of flesh {@w0}


   Skills:
 + Level 18.7 Fighting
 + Level 20.5 Maces & Flails
 - Level 14.0 Crossbows
 - Level 0.8 Throwing
 + Level 18.7 Armour
 - Level 10.0 Dodging
 + Level 11.3 Shields
 - Level 12.2 Spellcasting
 - Level 6.9 Conjurations
 - Level 8.0 Hexes
 - Level 12.2 Charms
 + Level 13.9 Translocations
 - Level 5.2 Air Magic
 + Level 19.6 Invocations


You had 27 spell levels left.
You knew the following spells:

 Your Spells              Type           Power        Failure   Level  Hunger
a - Blink                 Tloc           N/A          1%          2    None
b - Shroud of Golubria    Chrm/Tloc      #######...   1%          2    None
c - Lesser Beckoning      Tloc           #######...   1%          3    None
d - Force Lance           Conj/Tloc      ######..     1%          4    None
e - Portal Projectile     Hex/Tloc       ######       1%          3    None
f - Song of Slaying       Chrm           #######.     1%          2    None
g - Deflect Missiles      Chrm/Air       ######....   50%         6    ####...
h - Apportation           Tloc           ######       1%          1    None

Your spell library contained the following spells:

 Spells                   Type           Power        Failure   Level  Hunger
 Confusing Touch          Hex            ######       1%          1    None
 Corona                   Hex            ######.      1%          1    None
 Infusion                 Chrm           ####         1%          1    None
 Magic Dart               Conj           ####         1%          1    None
 Shock                    Conj/Air       ####         1%          1    None
 Slow                     Hex            ######..     1%          2    None
 Swiftness                Chrm/Air       ######..     1%          2    None
 Confuse                  Hex            ######..     1%          3    None
 Dazzling Spray           Conj/Hex       ######       1%          3    None
 Gell's Gravitas          Tloc           #######...   1%          3    None
 Spectral Weapon          Hex/Chrm       ######..     1%          3    None
 Teleport Other           Tloc           #######.     1%          3    None
 Tukima's Dance           Hex            ######..     1%          3    None
 Passage of Golubria      Tloc           N/A          1%          4    None
 Recall                   Summ/Tloc      N/A          2%          3    None
 Ozocubu's Armour         Chrm/Ice       ######..     3%          3    None
 Regeneration             Chrm/Necr      ######....   3%          3    None
 Static Discharge         Conj/Air       ######..     3%          3    None
 Ensorcelled Hibernation  Hex/Ice        #####.       4%          2    None
 Throw Frost              Conj/Ice       #####.       5%          2    None
 Cause Fear               Hex            ######....   6%          4    None
 Poisonous Vapours        Pois/Air       #####.       8%          2    None
 Dispersal                Tloc           #######...   8%          6    ####...
 Inner Flame              Hex/Fire       #####...     9%          3    None
 Mephitic Cloud           Conj/Pois/Air  #####...     9%          3    None
 Summon Guardian Golem    Hex/Summ       #####...     9%          3    None
 Conjure Flame            Conj/Fire      #####...     11%         3    None
 Stone Arrow              Conj/Erth      #####.       11%         3    None
 Animate Skeleton         Necr           N/A          16%         1    None
 Beastly Appendage        Tmut           ###...       16%         1    None
 Freeze                   Ice            ###.         16%         1    None
 Pain                     Necr           ###.         16%         1    None
 Sandblast                Erth           ###...       16%         1    None
 Summon Butterflies       Summ           ###.....     16%         1    None
 Summon Small Mammal      Summ           ###.         16%         1    None
 Airstrike                Air            ######....   16%         4    None
 Call Imp                 Summ           ###.....     22%         2    None
 Passwall                 Tmut/Erth      ###.....     22%         2    None
 Sticks to Snakes         Tmut           ###.....     22%         2    None
 Summon Forest            Summ/Tloc      ######....   22%         5    #......
 Leda's Liquefaction      Hex/Erth       #####.....   26%         4    None
 Silence                  Hex/Air        ######....   26%         5    #......
 Throw Icicle             Conj/Ice       #####...     32%         4    None
 Excruciating Wounds      Chrm/Necr      ######....   32%         5    #......
 Lightning Bolt           Conj/Air       ######....   32%         5    #......
 Call Canine Familiar     Summ           ###.....     38%         3    None
 Ignite Poison            Fire/Tmut/Pois ###.....     38%         3    None
 Spider Form              Tmut/Pois      ###.......   38%         3    None
 Vampiric Draining        Necr           ###.......   38%         3    None
 Summon Lightning Spire   Summ/Air       #####...     43%         4    None
 Metabolic Englaciation   Hex/Ice        #####.....   58%         5    #......
 Summon Mana Viper        Hex/Summ       #####...     58%         5    #......
 Darkness                 Hex            ######....   61%         6    ####...
 Invisibility             Hex            ######..     61%         6    ####...
 Fireball                 Conj/Fire      #####.....   65%         5    #......
 Irradiate                Conj/Tmut      #####.....   65%         5    #......
 Animate Dead             Necr           N/A          78%         4    None
 Ice Form                 Ice/Tmut       ###.....     78%         4    None
 Petrify                  Tmut/Erth      ###.....     78%         4    None
 Summon Ice Beast         Ice/Summ       ###.....     78%         4    None
 Conjure Ball Lightning   Conj/Air       ######....   86%         6    ####...
 Controlled Blink         Tloc           N/A          95%         8    #######
 Disjunction              Tloc           #######...   95%         8    #######
 Alistair's Intoxication  Tmut/Pois      ###.....     98%         5    #......
 Aura of Abjuration       Summ           ###.......   98%         5    #......
 Blade Hands              Tmut           ###.......   98%         5    #......
 Lee's Rapid Deconstruct  Erth           ###.......   98%         5    #......
 Summon Demon             Summ           ###.......   98%         5    #......
 Freezing Cloud           Conj/Ice/Air   #####.....   98%         6    ####...
 Bolt of Cold             Conj/Ice       #####.....   99%         6    ####...
 Bolt of Fire             Conj/Fire      #####.....   99%         6    ####...
 Malign Gateway           Summ/Tloc      ######....   99%         7    ######.
 Hydra Form               Tmut           ###.......   100%        6    ####...
 Ozocubu's Refrigeration  Ice            ###.......   100%        6    ####...
 Shadow Creatures         Summ           N/A          100%        6    ####...
 Simulacrum               Ice/Necr       ###.......   100%        6    ####...
 Dragon Form              Tmut           ###.......   100%        7    ######.
 Monstrous Menagerie      Summ           ###.......   100%        7    ######.
 Ring of Flames           Chrm/Fire      ######....   100%        7    ######.
 Summon Greater Demon     Summ           ###.......   100%        7    ######.
 Ignition                 Fire           ###.......   100%        8    #######
 Summon Horrible Things   Summ           ###.......   100%        8    #######
 Shatter                  Erth           ###.......   100%        9    #######
 Tornado                  Air            ######....   100%        9    #######
 Sublimation of Blood     Necr           Unusable     N/A         2    N/A
 Statue Form              Tmut/Erth      Unusable     N/A         6    N/A

Dungeon Overview and Level Annotations

Branches:
Dungeon (15/15)            Temple (0/1) D:5            Lair (6/6) D:8
  Swamp (4/4) Lair:3       Spider (4/4) Lair:3        Slime (0/5) Lair:5
    Orc (2/2) D:9             Elf (3/3) Orc:2        Vaults (5/5) D:13
  Crypt (0/3) Vaults:3     Depths (5/5) D:15            Zot (5/5) Depths:5

Altars:
Ashenzari
Cheibriados
Elyvilon
Gozag
Makhleb
Nemelex Xobeh
Okawaru
Ru
Sif Muna
Trog
Vehumet
Yredelemnul
Zin
The Shining One
Beogh

Shops:
D:10 ?   Orc:2 [*(}:!=%   Elf:2 (   Vaults:3 =   Vaults:4 (!   Depths:2 }}=
Depths:5 [

Portals:
Hell: Depths:1 Depths:2 Depths:3 Depths:4 Depths:5
Abyss: Depths:3 Depths:4
Pandemonium: Depths:3 Depths:4
Ziggurat: Depths:4
Trove: D:11 (give +3 fire dragon scales)

Annotations:
D:4 exclusion: statue
D:5 3 runed doors with magic book, CLM's ghost, novice VSTm
D:11 3 runed doors, namelastname112's ghost, novice DrHu
Elf:2 1 runed door
Vaults:4 danger
Zot:4 2 transporters, exclusion: orange crystal statue
Zot:5 2 exclusions


Innate Abilities, Weirdness & Mutations

You are resistant to torment.
Your stone body is resilient. (AC +20)
You are immune to poison.
Your large and strong wings let you fly indefinitely.
You resist negative energy. (rN+)
You are resistant to electric shocks. (rElec)
You can survive without breathing.
You are immune to petrification.
You are immune to rotting.


Message History

You block the Orb Guardian's attack.
You closely miss the Orb Guardian.
The Orb Guardian is moderately wounded.
The Orb Guardian hits you!!
You impale the Orb Guardian!! You freeze the Orb Guardian!
The Orb Guardian is severely wounded.
The Orb Guardian hits you but does no damage.
You bludgeon the Orb Guardian!! You freeze the Orb Guardian!
The Orb Guardian is almost dead.
The Orb Guardian hits you but does no damage.
You completely miss the Orb Guardian.
The Orb Guardian is almost dead.
The Orb Guardian hits you!
You hear a distant "Zot"!
You closely miss the Orb Guardian.
The Orb Guardian is almost dead.
The Orb Guardian hits you but does no damage.
You hear a distant "Zot"!
You hit the Orb Guardian. You freeze the Orb Guardian.
You kill the Orb Guardian!
Your +9 eveningstar of freezing stops glowing.
The +6 hand crossbow "Cibipoud" {flame, Int+2} bursts into flame!
a - the +6 hand crossbow "Cibipoud" (weapon)
{flame, Int+2} You hear a distant "Zot"!
You hear a distant "Zot"!
You are no longer teleporting projectiles to their destination.
An orb of fire comes into view.
Unknown command.
Unknown command.
Unknown command.
Unknown command.
Unknown command.
Zin grants you divine stamina.
Firing (i - inventory)
E - 2070 bolts (quivered)
Press: ? - help, Shift-Dir - straight line, f - orb of fire
Aim: an orb of fire You shoot a bolt.
The bolt misses the orb of fire.
Unknown command.
Casting: Portal Projectile (safe; 1% risk of failure)
Confirm with . or Enter, or press ? or * to list all spells.
Aiming: Lesser Beckoning (safe; 1% risk of failure)
Press: ? - help, Shift-Dir - straight line, f/p - orb of fire
Aim: an orb of fire The orb of fire hurls suddenly forward!
The orb of fire glows bright magenta.
The bolt of fire hits you!
The +6 hand crossbow "Cibipoud" {flame, Int+2} stops flaming.
Your +9 eveningstar of freezing glows with a cold blue light!
b - a +9 eveningstar of freezing (weapon)
The orb of fire emits a lurid red light.
The fireball explodes!
The fireball engulfs you! You resist.
The fireball engulfs the orb of fire.
The orb of fire completely resists.
You hear a roar! x3
You are not zealous enough to affect this audience!
You are not zealous enough to affect this audience!
You are not zealous enough to affect this audience!
You miss the orb of fire. You miss the orb of fire.
You bludgeon the orb of fire!! You freeze the orb of fire.
The orb of fire is lightly damaged.
The orb of fire glows yellow.
The bolt of fire hits you! You resist.
You impale the orb of fire!! You freeze the orb of fire.
The orb of fire is moderately damaged.
The orb of fire glows red.
The bolt of fire hits you! You resist.
You feel very mighty all of a sudden.
You hit the orb of fire but do no damage.
The orb of fire is moderately damaged.
You miss the orb of fire.
The orb of fire is moderately damaged.
You pound the orb of fire like an anvil!!!
You freeze the orb of fire.
The orb of fire is heavily damaged.
You miss the orb of fire.
The orb of fire is heavily damaged.
The orb of fire glows yellow.
The fireball explodes!
The fireball engulfs you! You resist.
The fireball engulfs the orb of fire.
The orb of fire completely resists.
You hear a roar!
You bludgeon the orb of fire!! You freeze the orb of fire.
The orb of fire is severely damaged.
You puncture the orb of fire!
The orb of fire is severely damaged.
The orb of fire glows bright magenta.
The bolt of fire hits you! You resist.
* * * LOW HITPOINT WARNING * * *
You hear a distant "Zot"!
You closely miss the orb of fire.
The orb of fire is severely damaged.
The orb of fire glows yellow.
The fireball explodes!
The fireball engulfs you! You resist.
* * * LOW HITPOINT WARNING * * *
The fireball engulfs the orb of fire.
The orb of fire completely resists.
You hear a roar!
You puncture the orb of fire! You freeze the orb of fire.
The orb of fire is almost destroyed.
The orb of fire glows bright magenta.
The bolt of fire hits you! You resist.
You die...

#.......## ##...#)[......#
.......## #.........#...#
...(..## #........###### ....(##
#.......## ....#* ***** ##....÷.#
* ....,** *.,,*##...(...# *
,,,,,,***...##...(.#### *
,,,,,,,,,.........## *
,,,,,,,,,..(...*@## *************
,,,,,,,,,......(##***,,,**,,,*,,,
,**,,,,,,.......,,,,,,,,,,,,,,<,,
*,*,,,,,,.......,,,,,,,,,,,,,,,,,
,,,⌠,,,,,..#####***,,,***********
,,,,****,.,* *,,,* ,,*** *****
*,,,* *** *****


You could see an orb of fire.

Vanquished Creatures
  An orb of fire (Zot:1)
  An ancient lich (Vaults:5)
  A juggernaut (Abyss:4)
  A greater mummy (Depths:3)
  Boris (Depths:3)
  Margery (Vaults:3)
  6 curse toes
  Saint Roka (Vaults:4)
  10 golden dragons
  3 liches
  3 electric golems
  11 tentacled monstrosities
  Rupert (Spider:1)
  2 Orb Guardians
  5 titans (Vaults:5)
  2 deep elf master archers (Elf:3)
  4 deep elf blademasters
  3 quicksilver dragons
  9 death cobs
  9 sphinxes
  6 tentacled starspawn
  An Executioner (Abyss:4)
  2 thorn hunters
  9 shadow dragons
  18 storm dragons
  3 tengu reavers
  4 draconian monks
  10 ghost moths
  12 vault wardens
  4 fire giants
  A cacodemon (Depths:4)
  6 frost giants
  4 deep elf sorcerers
  4 draconian scorchers
  An iron dragon (Depths:4)
  3 deep elf elementalists
  9 emperor scorpions
  2 juggernaut zombies
  4 orc warlords
  Louise (Spider:1)
  An angel (Abyss:4)
  A caustic shrike zombie (Depths:3)
  A balrug (Depths:3)
  2 war gargoyles (Vaults:5)
  A draconian knight (Zot:4)
  5 draconian shifters
  4 draconian annihilators
  14 ironheart preservers
  3 draconian stormcallers
  2 entropy weavers
  2 ophanim (Abyss:4)
  3 vampire knights
  19 stone giants
  19 very ugly things
  Nessos (Lair:4)
  9 deep elf demonologists
  4 red draconians
  7 black draconians
  11 green draconians
  11 yellow draconians
  9 deep elf annihilators
  7 spark wasps
  11 purple draconians
  Azrael (D:14)
  11 white draconians
  An eidolon (Abyss:1)
  7 deep elf death magi
  Erolcha (D:9)
  A blizzard demon (Depths:2)
  9 great orbs of eyes
  9 ettins
  14 fire dragons
  6 rakshasas
  6 deep elf high priests
  17 yaktaur captains
  26 hydras
  A fire dragon (shapeshifter) (Vaults:5)
  17 ice dragons
  32 vault guards
  2 shambling mangroves
  2 spriggan air magi
  A catoblepas (Lair:5)
  2 ghost crabs
  Erica (D:9)
  14 centaur warriors
  2 death knights (Vaults:3)
  An anaconda (shapeshifter) (Vaults:5)
  10 orc high priests
  27 two-headed ogres
  A hell hog (Abyss:1)
  7 ogre magi
  11 deep troll earth magi
  29 dancing weapons
  15 alligators
  A death yak (Lair:5)
  7 tengu warriors
  3 deep troll shamans
  6 thrashing horrors
  7 spriggan berserkers
  3 sun demons
  36 deep elf knights
  7 hell knights
  Sonja (Lair:4)
  3 wretched stars
  A fire crab (shapeshifter) (Vaults:2)
  A golden dragon zombie (Depths:3)
  A spatial maelstrom (Abyss:4)
  6 wizards
  13 skeletal warriors
  A sixfirhy (Abyss:4)
  2 cherubim (Abyss:4)
  3 shadow wraiths
  A spriggan druid (Swamp:1)
  5 unseen horrors
  12 swamp dragons
  4 glowing orange brains
  23 deep trolls
  2 spark wasp zombies
  A death drake (Abyss:2)
  A quicksilver dragon simulacrum (Depths:4)
  A golden dragon skeleton (Depths:4)
  21 ironbrand convokers
  A sphinx zombie (Depths:1)
  6 phantasmal warriors
  A tengu zombie (D:15)
  26 deep elf archers
  3 lindwurms
  26 orc knights
  34 ugly things
  2 harpies (shapeshifter)
  2 shining eyes
  3 frost giant zombies
  2 wolf spider zombies
  10 cyclopes
  A mana viper (shapeshifter) (D:13)
  39 wolf spiders
  7 necromancers
  17 orb spiders
  8 orc sorcerers
  87 deep elf magi
  2 fire giant zombies (Depths:3)
  2 worldbinders (Abyss:1)
  2 shadow dragon skeletons
  A manticore (shapeshifter) (D:14)
  2 manticores
  15 vault sentinels
  12 elephants
  2 guardian serpents (D:15)
  35 moths of wrath
  A stone giant skeleton (Depths:1)
  2 eyes of devastation
  A guardian serpent (shapeshifter) (Vaults:3)
  A water nymph (shapeshifter) (Depths:5)
  6 ice statues
  3 black mambas
  A centaur zombie (D:14)
  A rust devil (Depths:4)
  4 smoke demons
  An orange demon (Abyss:2)
  A fire giant skeleton (Depths:1)
  An apocalypse crab (Abyss:3)
  A torpor snail (Lair:6)
  2 gargoyles
  23 spiny frogs
  3 spriggan zombies
  50 yaktaurs
  A komodo dragon (shapeshifter) (Vaults:4)
  An elf skeleton (Depths:4)
  3 rime drakes (Lair:5)
  A kobold demonologist (D:15)
  2 efreet
  4 ancient zymes
  21 demonic crawlers
  3 yaktaurs (shapeshifter)
  3 freezing wraiths
  4 komodo dragons
  2 red devils (Depths:4)
  7 ice devils (IceCv)
  3 guardian mummies (Depths:3)
  5 tengu conjurers
  35 jumping spiders
  13 trolls
  23 hornets
  A troll (shapeshifter) (Vaults:2)
  15 tyrant leeches
  6 polar bears
  21 blink frogs
  A shadow dragon simulacrum (Depths:1)
  2 deep troll zombies
  2 blink frogs (shapeshifter)
  A dream sheep (shapeshifter) (Vaults:2)
  13 hippogriffs
  3 dream sheep
  An ettin zombie (Depths:1)
  50 slime creatures
  A fire dragon zombie (Depths:1)
  10 bog bodies
  5 raiju
  A meliai zombie (D:12)
  65 redbacks
  2 spriggans (shapeshifter) (Vaults:5)
  4 shadows
  25 tarantellas
  4 air elementals
  9 starcursed masses
  15 spriggans
  5 water elementals
  A wyvern (shapeshifter) (Vaults:2)
  A vampire (D:13)
  3 wyverns
  A basilisk (D:14)
  7 fire elementals
  A ynoxinul (Abyss:2)
  2 hogs (D:7)
  4 wraiths
  A basilisk (shapeshifter) (Vaults:1)
  3 neqoxecs
  A human (D:7)
  73 yaks
  An elf simulacrum (Depths:4)
  3 hungry ghosts
  25 vampire mosquitoes
  3 chaos spawn (Abyss:4)
  9 wargs
  12 insubstantial wisps
  A naga (shapeshifter) (Vaults:1)
  5 spatial vortices (Abyss:4)
  An acid dragon (D:13)
  16 water moccasins
  8 large abominations
  19 swamp worms
  2 human zombies
  A soldier ant (D:15)
  3 floating eyes
  4 porcupines
  2 sky beasts
  8 swamp drakes
  12 ice beasts
  7 black bears
  47 orc warriors
  An eye of draining (Depths:4)
  An ogre (shapeshifter) (Vaults:5)
  2 necrophages
  2 hornet zombies
  3 phantoms
  44 wolves
  9 centaurs
  24 ogres
  11 boggarts
  11 crocodiles
  6 big kobolds
  20 bullfrogs
  A wyvern zombie (D:9)
  A gnoll sergeant (D:10)
  10 small abominations
  2 water moccasin zombies
  11 earth elementals
  2 wyvern skeletons
  6 scorpions
  10 killer bees
  16 wights
  2 electric eels (Spider:2)
  10 howler monkeys
  5 crimson imps
  3 quasits
  4 bullfrog skeletons
  3 bullfrog zombies
  4 jellies
  27 orc priests
  2 draconian simulacra (IceCv)
  12 centaur skeletons
  3 hounds
  23 orc wizards
  7 iguanas
  12 worker ants
  3 troll simulacra (IceCv)
  2 centaur simulacra (IceCv)
  2 hound zombies (D:5)
  A hound skeleton (D:4)
  8 mummies
  2 howler monkey zombies (D:9)
  3 worker ant zombies
  5 gnolls
  3 naga simulacra (IceCv)
  13 adders
  A howler monkey skeleton (D:5)
  3 shadow imps
  3 white imps (Depths:2)
  An ufetubus (Abyss:4)
  4 oozes
  3 adder zombies
  2 worms (D:4)
  A dart slug (D:6)
  6 leopard geckos
  A leopard gecko (shapeshifter) (Elf:3)
  101 orcs
  5 bats
  5 giant cockroaches
  4 goblins
  3 hobgoblins
  9 jackals
  3 quokkas
  A ball python (D:1)
  6 frilled lizards
  18 kobolds
  A leopard gecko zombie (D:7)
  2 quokka zombies
  5 rats
  2 crawling corpses (Elf:3)
  3 pillars of salt (Vaults:5)
  6 starspawn tentacles
2464 creatures vanquished.

Vanquished Creatures (collateral kills)
  A vault warden (Vaults:4)
  An ironheart preserver (Vaults:3)
  Snorg (Lair:4)
  A spark wasp (Depths:3)
4 creatures vanquished.

Vanquished Creatures (others)
  A very ugly thing (Depths:1)
  2 deep elf knights
  A lindwurm (Swamp:4)
  An ugly thing (Depths:1)
  A deep elf mage (Elf:1)
  A bog body (Swamp:1)
  An insubstantial wisp (Abyss:3)
  A swamp drake (Swamp:4)
  An orc (Vaults:4)
  10 bushes
  37 fungi
  15 pillars of salt
  13 plants
  18 starspawn tentacles
  14 toadstools (Lair:5)
  9 withered plants (D:15)
126 creatures vanquished.

Grand Total: 2594 creatures vanquished

Notes
Turn   | Place    | Note
-------+----------+-------------------------------------------
     0 | D:1      | Mgcat the Gargoyle Warper began the quest for the Orb.
     0 | D:1      | Reached XP level 1. HP: 12/12 MP: 3/3
   174 | D:1      | Reached XP level 2. HP: 7/18 MP: 5/5
   196 | D:1      | Learned a level 2 spell: Blink
   327 | D:1      | Learned a level 2 spell: Shroud of Golubria
  1155 | D:2      | Reached XP level 3. HP: 16/22 MP: 6/6
  1281 | D:2      | HP: 5/22 [worm (6)]
  1581 | D:2      | Found a glowing silver altar of Zin.
  1597 | D:2      | Reached skill level 3 in Fighting
  1897 | D:2      | Became a worshipper of Zin the Law-Giver
  1981 | D:3      | Reached * piety under Zin
  2046 | D:3      | Reached skill level 3 in Maces & Flails
  2058 | D:3      | Reached XP level 4. HP: 26/28 MP: 7/7
  2356 | D:3      | Found a sacrificial altar of Ru.
  2421 | D:3      | Found a deep blue altar of Sif Muna.
  2457 | D:3      | Found a burning altar of Makhleb.
  2457 | D:3      | Found a glowing golden altar of the Shining One.
  2531 | D:3      | Reached skill level 4 in Fighting
  2531 | D:3      | Reached XP level 5. HP: 30/33 MP: 8/8
  2726 | D:4      | Found a white marble altar of Elyvilon.
  2760 | D:4      | Reached skill level 4 in Maces & Flails
  2779 | D:4      | Reached XP level 6. HP: 40/40 MP: 9/9
  2892 | D:4      | Reached ** piety under Zin
  2924 | D:4      | Reached skill level 5 in Fighting
  3058 | D:4      | Found a radiant altar of Vehumet.
  3159 | D:4      | Reached skill level 5 in Maces & Flails
  3524 | D:5      | Entered Level 5 of the Dungeon
  3734 | D:5      | Reached XP level 7. HP: 44/44 MP: 10/10
  3814 | D:5      | Reached skill level 6 in Maces & Flails
  4136 | D:5      | Found a staircase to the Ecumenical Temple.
  4156 | D:5      | Found an iron altar of Okawaru.
  4163 | D:5      | Reached skill level 7 in Maces & Flails
  4239 | D:5      | Found a runed gate.
  4245 | D:5      | Found a runed gate.
  4246 | D:5      | Found a runed gate.
  4270 | D:5      | Reached XP level 8. HP: 42/49 MP: 11/11
  4292 | D:5      | Noticed CLM's ghost (novice VSTm)
  4383 | D:5      | Reached skill level 8 in Maces & Flails
  4383 | D:5      | Reached skill level 3 in Translocations
  4720 | D:6      | Reached skill level 4 in Translocations
  4721 | D:6      | Found a snail-covered altar of Cheibriados.
  4807 | D:5      | Learned a level 3 spell: Lesser Beckoning
  5131 | D:6      | Reached *** piety under Zin
  5151 | D:6      | Reached skill level 9 in Maces & Flails
  5220 | D:6      | Reached skill level 5 in Translocations
  5244 | D:6      | Reached XP level 9. HP: 52/54 MP: 9/12
  5541 | D:6      | Reached skill level 1 in Charms
  6066 | D:7      | Reached skill level 2 in Charms
  6101 | D:7      | Reached skill level 1 in Shields
  6136 | D:7      | Reached **** piety under Zin
  6227 | D:7      | Reached skill level 2 in Shields
  6241 | D:7      | Reached skill level 3 in Charms
  6268 | D:7      | Reached skill level 3 in Shields
  6281 | D:7      | Reached skill level 10 in Maces & Flails
  6508 | D:7      | Reached skill level 4 in Shields
  6521 | D:7      | Reached skill level 4 in Charms
  6651 | D:7      | Reached XP level 10. HP: 55/59 MP: 13/13
  6794 | D:7      | HP: 14/59 [orc warrior/hand axe (12)]
  7225 | D:8      | Reached skill level 5 in Charms
  7280 | D:8      | Reached skill level 11 in Maces & Flails
  7419 | D:8      | Found a staircase to the Lair.
  7665 | D:8      | Noticed a cyclops
  7919 | D:8      | Noticed Erica
  7974 | D:9      | Killed Erica
  8203 | D:8      | Killed a cyclops
  8203 | D:8      | Reached skill level 12 in Maces & Flails
  8604 | D:8      | Found a bloodstained altar of Trog.
  8604 | D:8      | Found a snail-covered altar of Cheibriados.
  8776 | D:9      | Noticed a centaur warrior
  8814 | D:9      | Killed a centaur warrior
  8948 | D:9      | Noticed a centaur warrior
  9107 | D:9      | Reached skill level 13 in Maces & Flails
  9193 | D:9      | Reached skill level 2 in Armour
  9193 | D:9      | Reached skill level 2 in Dodging
  9193 | D:9      | Reached XP level 11. HP: 32/63 MP: 14/14
  9390 | D:9      | Noticed a manticore
  9436 | D:9      | Killed an unseen horror
  9436 | D:9      | Reached skill level 3 in Armour
  9436 | D:9      | Reached skill level 3 in Dodging
  9499 | D:9      | Identified the Guide on Aerial Beguiling
  9545 | D:9      | Learned a level 4 spell: Force Lance
  9565 | D:9      | Found a staircase to the Orcish Mines.
  9755 | D:9      | Got a pitted hand axe {chop}
  9756 | D:9      | Identified the +8 hand axe "Tudyi" {chop, rC+ rN+ Str-4}
                  | (You took it off an orc on level 9 of the Dungeon)
  9760 | D:9      | Reached ***** piety under Zin
  9810 | D:9      | Reached skill level 1 in Conjurations
  9820 | D:9      | Reached skill level 4 in Armour
  9972 | D:9      | Noticed a five-headed hydra
 10053 | D:9      | Killed a manticore
 10254 | D:9      | Noticed Erolcha
 10260 | D:9      | HP: 12/63 [centaur warrior/arrow (13)]
 10287 | D:8      | Killed a centaur warrior
 10287 | D:8      | Reached skill level 2 in Conjurations
 10611 | D:9      | Reached skill level 1 in Invocations
 10653 | D:9      | Killed a five-headed hydra
 10653 | D:9      | Reached skill level 5 in Armour
 10653 | D:9      | Reached skill level 4 in Dodging
 10653 | D:9      | Reached skill level 3 in Conjurations
 10820 | D:9      | Found a roughly hewn altar of Beogh.
 10876 | D:9      | Reached skill level 2 in Invocations
 10890 | D:10     | Entered Level 10 of the Dungeon
 11042 | D:10     | Reached skill level 4 in Conjurations
 11049 | D:10     | Reached skill level 3 in Invocations
 11429 | D:10     | Reached skill level 5 in Dodging
 11447 | D:10     | Reached skill level 4 in Invocations
 11475 | D:10     | Reached skill level 5 in Conjurations
 11483 | D:10     | Found Anannud's Magic Scroll Boutique.
 11487 | D:10     | Bought a scroll of identify for 24 gold pieces
 11487 | D:10     | Bought a scroll of identify for 24 gold pieces
 11487 | D:10     | Bought a scroll of blinking for 90 gold pieces
 11641 | D:10     | Reached XP level 12. HP: 68/68 MP: 15/15
 11654 | D:10     | Reached skill level 5 in Invocations
 11890 | D:10     | Reached skill level 3 in Spellcasting
 12653 | D:11     | Reached skill level 4 in Spellcasting
 12978 | D:11     | Found a runed gate.
 12978 | D:11     | Found a runed gate.
 12978 | D:11     | Found a runed gate.
 12981 | D:11     | Found a portal to a secret trove of treasure.
 12987 | D:11     | Noticed namelastname112's ghost (novice DrHu)
 13053 | D:11     | Noticed a two-headed ogre
 13068 | D:11     | Killed a two-headed ogre
 13068 | D:11     | Reached skill level 5 in Spellcasting
 13723 | Lair:1   | Entered Level 1 of the Lair of Beasts
 13753 | Lair:1   | Reached skill level 14 in Maces & Flails
 14132 | Lair:1   | Reached ****** piety under Zin
 14601 | Lair:1   | Reached skill level 15 in Maces & Flails
 14668 | Lair:2   | Reached XP level 13. HP: 62/72 MP: 20/20
 15863 | Lair:3   | Found a frozen archway.
 15872 | IceCv    | Entered an ice cave
 16164 | IceCv    | HP: 17/72 [ice devil (10)]
 17355 | IceCv    | Reached skill level 6 in Fighting
 17776 | IceCv    | HP: 18/74 [ice statue/bolt of cold (13)]
 17996 | IceCv    | Got a twisted hand crossbow
 18003 | IceCv    | Identified the +6 hand crossbow "Cibipoud" {flame, Int+2}
                  | (You found it in an ice cave)
 18212 | Lair:3   | Reached skill level 6 in Invocations
 18333 | Lair:3   | Found a hole to the Spider Nest.
 18359 | Lair:3   | Reached skill level 16 in Maces & Flails
 18401 | Lair:3   | HP: 18/76 [jumping spider (6)]
 18800 | Lair:3   | Found an iron altar of Okawaru.
 19017 | Lair:3   | Found a staircase to the Swamp.
 19701 | Lair:4   | Reached skill level 7 in Fighting
 19740 | Lair:4   | Noticed Snorg
 19759 | Lair:4   | Killed Snorg
 19759 | Lair:4   | Reached skill level 1 in Crossbows
 19768 | Lair:4   | Noticed Nessos
 20048 | Lair:4   | Reached skill level 7 in Invocations
 20080 | Lair:4   | Killed Nessos
 20080 | Lair:4   | Reached skill level 2 in Crossbows
 20351 | Lair:4   | Reached skill level 3 in Crossbows
 20399 | Lair:4   | Reached skill level 8 in Fighting
 20537 | Lair:4   | Noticed Sonja
 20560 | Lair:4   | Killed Sonja
 20841 | Lair:4   | Reached skill level 8 in Invocations
 20841 | Lair:4   | Gained mutation: Your large and strong wings let you fly
                  | indefinitely. [Gargoyle growth]
 20841 | Lair:4   | Reached XP level 14. HP: 83/84 MP: 21/21
 21029 | Lair:4   | Reached skill level 4 in Crossbows
 21599 | Lair:5   | Reached skill level 9 in Fighting
 21709 | Lair:5   | Found a runed door.
 21749 | Lair:5   | Found a staircase to the Slime Pits.
 21821 | Lair:5   | Reached skill level 5 in Crossbows
 22009 | Lair:5   | Reached skill level 9 in Invocations
 22128 | Lair:5   | Got a smoking leather armour
 22217 | Lair:6   | Entered Level 6 of the Lair of Beasts
 22462 | Lair:6   | Reached skill level 10 in Fighting
 22499 | Lair:6   | Reached skill level 10 in Invocations
 22866 | Lair:6   | Reached skill level 6 in Conjurations
 23122 | Lair:6   | Reached skill level 6 in Translocations
 23177 | Lair:6   | Reached XP level 15. HP: 84/92 MP: 23/23
 23343 | Lair:6   | Learned a level 3 spell: Portal Projectile
 23500 | Lair:6   | Reached skill level 1 in Hexes
 23843 | Lair:6   | Identified Etwua's Catalogue of Cold
 23965 | Lair:6   | Reached skill level 11 in Invocations
 24349 | D:9      | Killed Erolcha
 24450 | Orc:1    | Entered Level 1 of the Orcish Mines
 24469 | Orc:1    | Reached skill level 2 in Hexes
 25041 | Orc:2    | Entered Level 2 of the Orcish Mines
 25041 | Orc:2    | Found Xiurodopt's Distillery.
 25041 | Orc:2    | Found Vimeh's Book Emporium.
 25069 | Orc:2    | Found Hocoupe's Gadget Shoppe.
 25401 | Orc:2    | Found Odaxanorih's Antique Weapon Shop.
 25423 | Orc:2    | Reached skill level 3 in Hexes
 25493 | Orc:2    | Noticed an orc warlord
 25552 | Orc:2    | Killed an orc warlord
 25552 | Orc:2    | Reached skill level 7 in Translocations
 25676 | Orc:2    | Found Zitay's General Store.
 25826 | Orc:2    | Found Cyusuec's Antique Armour Emporium.
 26080 | Orc:2    | Found a staircase to the Elven Halls.
 26115 | Orc:2    | Found Teoges's Jewellery Boutique.
 26139 | Orc:2    | Found Mezxouda's Food Boutique.
 26491 | Orc:1    | Noticed an orc warlord
 26772 | Orc:2    | Killed an orc warlord
 26772 | Orc:2    | Reached skill level 4 in Hexes
 26907 | Orc:1    | Found a roughly hewn altar of Beogh.
 28189 | D:13     | Reached skill level 12 in Invocations
 28505 | D:13     | Reached XP level 16. HP: 97/97 MP: 25/25
 28535 | D:13     | Found a large runed door.
 28580 | D:13     | Found a large runed door.
 28675 | D:13     | Reached skill level 17 in Maces & Flails
 28688 | D:13     | Reached skill level 8 in Translocations
 28716 | D:13     | Reached skill level 5 in Hexes
 28732 | D:13     | Reached skill level 6 in Crossbows
 28859 | D:13     | Found a gate to the Vaults.
 29361 | D:13     | Found an opulent altar of Gozag.
 29364 | D:13     | Found a sparkling altar of Nemelex Xobeh.
 29418 | D:14     | Upgraded the game from 0.23-a0-315-ga85b81c to
                  | 0.23-a0-321-g6bcb69f
 30106 | D:14     | Noticed Azrael
 30201 | D:14     | Killed Azrael
 30398 | D:14     | Reached skill level 7 in Crossbows
 30790 | D:14     | Identified a +0 pair of boots of running (You found it on
                  | level 14 of the Dungeon)
 30823 | D:14     | Reached skill level 13 in Invocations
 31154 | D:15     | Entered Level 15 of the Dungeon
 31293 | D:15     | Reached skill level 8 in Crossbows
 31735 | D:15     | Found a staircase to the Depths.
 31856 | D:15     | Reached skill level 9 in Crossbows
 31971 | D:15     | Reached XP level 17. HP: 102/102 MP: 27/27
 32081 | D:15     | Reached skill level 14 in Invocations
 32754 | D:15     | Identified the ring of Wyosusish {Fire Stlth+}
 33125 | Swamp:1  | Entered Level 1 of the Swamp
 33286 | Swamp:1  | HP: 24/102 [shambling mangrove (5)]
 33321 | Swamp:1  | HP: 24/102 [shambling mangrove (10)]
 33598 | Swamp:1  | Reached skill level 10 in Crossbows
 34653 | Swamp:1  | Got a smoking trident
 35569 | Swamp:2  | HP: 19/102 [slime creature (10)]
 36071 | Swamp:3  | Reached skill level 15 in Invocations
 36179 | Swamp:3  | Got an encrusted ring mail
 36180 | Swamp:3  | Identified the +0 ring mail of the Dwarven Hall {Dex+2}
                  | (You found it on level 3 of the Swamp)
 36185 | Swamp:3  | Identified a scroll of acquirement
 36256 | Swamp:3  | Found a basalt altar of Yredelemnul.
 36545 | Swamp:3  | Reached skill level 11 in Crossbows
 36685 | Swamp:4  | Entered Level 4 of the Swamp
 36910 | Swamp:3  | Reached skill level 18 in Maces & Flails
 37302 | Swamp:4  | Reached skill level 6 in Armour
 37437 | Swamp:4  | Reached XP level 18. HP: 80/107 MP: 26/29
 37581 | Swamp:4  | Reached skill level 6 in Dodging
 37709 | Swamp:4  | Reached skill level 12 in Crossbows
 37728 | Swamp:4  | Reached skill level 7 in Armour
 38140 | Swamp:4  | Got a decaying rune of Zot
 38286 | Spider:1 | Entered Level 1 of the Spider Nest
 38319 | Spider:1 | Noticed Rupert
 38333 | Spider:1 | Killed Rupert
 38413 | Spider:1 | Learned a level 2 spell: Song of Slaying
 38612 | Spider:1 | Reached skill level 8 in Armour
 38796 | Spider:1 | Reached skill level 7 in Dodging
 38896 | Spider:1 | Noticed Louise
 38911 | Spider:1 | Cast into level 2 of the Abyss (Louise)
 38911 | Abyss:2  | Found a corrupted altar of Lugonu.
 38966 | Abyss:2  | Found a corrupted altar of Lugonu.
 39131 | Abyss:2  | Noticed a hellephant
 39206 | Abyss:2  | Reached skill level 9 in Armour
 39340 | Spider:1 | Escaped the Abyss
 39368 | Spider:1 | Killed Louise
 40152 | Spider:2 | Reached skill level 8 in Dodging
 40414 | Spider:2 | Reached skill level 10 in Armour
 41315 | Spider:3 | Reached skill level 6 in Spellcasting
 41315 | Spider:3 | Reached XP level 19. HP: 82/113 MP: 30/30
 41817 | Spider:4 | Entered Level 4 of the Spider Nest
 41990 | Spider:4 | Reached skill level 11 in Armour
 41990 | Spider:4 | Reached skill level 9 in Translocations
 42055 | Spider:4 | Reached skill level 11 in Fighting
 42572 | Spider:4 | Reached skill level 7 in Spellcasting
 43409 | Spider:4 | Got a gossamer rune of Zot
 43713 | Vaults:1 | Entered Level 1 of the Vaults
 44116 | Vaults:1 | Got a slimy chain mail
 44127 | Vaults:1 | Identified the +1 chain mail of the Ancient Coins {rC++
                  | Dex+5} (You found it on level 1 of the Vaults)
 44267 | Vaults:1 | Reached skill level 12 in Fighting
 44267 | Vaults:1 | Reached skill level 12 in Armour
 44267 | Vaults:1 | Reached skill level 10 in Translocations
 44387 | Vaults:1 | Reached skill level 8 in Spellcasting
 44645 | Vaults:1 | Reached XP level 20. HP: 96/122 MP: 32/32
 45226 | Vaults:2 | Reached skill level 6 in Charms
 46642 | Vaults:3 | Found Soklopp's Jewellery Boutique.
 46730 | Vaults:3 | Reached skill level 9 in Spellcasting
 46796 | Vaults:3 | Noticed Margery
 46811 | Vaults:3 | HP: 1/124 [Margery/fireball (32)]
 47011 | Vaults:3 | HP: 31/124 [Margery/+4 war axe of chopping (4)]
 47014 | Vaults:3 | Killed Margery
 47244 | Vaults:3 | Reached skill level 7 in Charms
 47257 | Vaults:3 | Reached skill level 13 in Fighting
 47257 | Vaults:3 | Reached skill level 13 in Armour
 47308 | Vaults:3 | HP: 19/124 [ogre mage/crystal spear[a boggart] (48)]
 47598 | Vaults:3 | Reached skill level 11 in Translocations
 48122 | Vaults:3 | Reached XP level 21. HP: 129/129 MP: 34/34
 48487 | Vaults:3 | Found a staircase to the Crypt.
 48749 | Vaults:4 | HP: 29/130 [deep elf knight/shard of ice[an ironheart
                  | preserver] (14)]
 49120 | Vaults:4 | Noticed Saint Roka
 49144 | Vaults:4 | HP: 31/130 [Saint Roka/divine providence (8)]
 49149 | Vaults:4 | HP: 27/130 [Saint Roka/+0 great mace (6)]
 49411 | Vaults:4 | Reached skill level 8 in Charms
 49436 | Vaults:3 | Upgraded the game from 0.23-a0-321-g6bcb69f to
                  | 0.23-a0-329-g6f3f904
 49658 | Vaults:4 | Identified the Compendium of Displaced Self-Improvement
 49752 | Vaults:4 | Found Doushrir's Weapon Boutique.
 49753 | Vaults:4 | Found Raas's Distillery.
 49908 | Vaults:4 | Reached skill level 10 in Spellcasting
 50003 | Vaults:4 | Killed Saint Roka
 50531 | Vaults:4 | Got an encrusted arbalest
 50537 | Vaults:4 | Got an ancient arbalest
 50538 | Vaults:4 | Identified the +10 arbalest "Gycs" {penet, rF+ Str+4} (You
                  | found it on level 4 of the Vaults)
 50539 | Vaults:4 | Identified the +6 arbalest "Plog" {flame, MR+ Int+6} (You
                  | found it on level 4 of the Vaults)
 50819 | Depths:1 | Entered Level 1 of the Depths
 50991 | Depths:1 | Identified the cursed ring of Monwauff {Int-2 Dex+2 Stlth+}
 51015 | Depths:1 | Reached skill level 14 in Armour
 51025 | Depths:1 | Reached skill level 14 in Fighting
 51189 | Depths:1 | Reached skill level 12 in Translocations
 51324 | Depths:1 | Reached skill level 9 in Charms
 51811 | Depths:1 | Found a gateway to Hell.
 51976 | Depths:2 | Found a glowing golden altar of the Shining One.
 52515 | Depths:2 | Reached XP level 22. HP: 125/138 MP: 36/36
 52826 | Depths:2 | Found Guugaun's Jewellery Boutique.
 52826 | Depths:2 | Found Ysushuus's Gadget Emporium.
 52827 | Depths:2 | Found Okhliot's Gadget Emporium.
 52834 | Depths:2 | Bought a cursed -2 ring of strength for 20 gold pieces
 52834 | Depths:2 | Bought an uncursed ring of see invisible for 150 gold
                  | pieces
 53198 | Depths:2 | Got a warped leather armour
 53248 | Depths:2 | Got a faintly humming ring mail
 53252 | Depths:2 | Got an encrusted cloak
 53255 | Depths:2 | Identified the +3 ring mail "Udgheun" {rN+} (You found it
                  | on level 2 of the Depths)
 53278 | Depths:2 | Identified the +1 cloak of Leapfrog {Int+4} (You found it
                  | on level 2 of the Depths)
 53300 | Depths:2 | Found an iron altar of Okawaru.
 53903 | Depths:3 | Reached skill level 10 in Charms
 53916 | Depths:3 | Reached skill level 15 in Armour
 53918 | Depths:3 | Reached skill level 15 in Fighting
 54022 | Depths:3 | Found a one-way gate to the infinite horrors of the Abyss.
 54227 | Depths:3 | Found a one-way gate leading to the halls of Pandemonium.
 54244 | Depths:3 | Noticed Boris
 54256 | Depths:3 | Killed Boris
 54378 | Depths:3 | Paralysed by a lich for 6 turns
 54394 | Depths:3 | Paralysed by a lich for 6 turns
 54403 | Depths:3 | Reached skill level 13 in Crossbows
 54433 | Depths:3 | HP: 34/140 [fire giant/fireball (9)]
 54603 | Depths:3 | Reached skill level 16 in Invocations
 55059 | Depths:3 | Noticed a greater mummy
 55074 | Depths:3 | Killed a greater mummy
 55843 | Depths:4 | Noticed a golden dragon
 55859 | Depths:4 | Killed a golden dragon
 55908 | Depths:4 | Reached XP level 23. HP: 117/144 MP: 34/37
 56289 | Depths:4 | Learned a level 6 spell: Deflect Missiles
 56324 | Depths:4 | Found a shattered altar of Ashenzari.
 56417 | Depths:4 | Found a gateway to a ziggurat.
 57006 | Depths:5 | Entered Level 5 of the Depths
 57036 | Depths:4 | Reached skill level 1 in Air Magic
 57052 | Depths:4 | HP: 32/145 [vampire knight/vampiric draining (11)]
 57480 | Depths:4 | HP: 25/145 [ice dragon/blast of cold (17)]
 57540 | Depths:4 | HP: 24/145 [deep troll earth mage/Lee's Rapid
                  | Deconstruction (19)]
 58013 | Depths:5 | Noticed a golden dragon
 58136 | Depths:4 | Killed a golden dragon
 58290 | Depths:4 | HP: 32/145 [spark wasp (5)]
 58309 | Depths:3 | HP: 35/145 [spark wasp/living lightning (3)]
 58844 | Depths:5 | Found the ring of the Mage {Wiz MR++ Int+3}
 58849 | Depths:5 | Reached skill level 2 in Air Magic
 59541 | Depths:5 | Reached skill level 9 in Dodging
 59650 | Depths:5 | Reached skill level 14 in Crossbows
 59985 | Depths:5 | Found Innorogh's Antique Armour Shop.
 60316 | Depths:5 | Found a gate to the Realm of Zot.
 60316 | Depths:5 | Noticed a golden dragon
 60351 | Depths:5 | Killed a golden dragon
 60698 | Depths:5 | Reached skill level 3 in Air Magic
 61040 | Depths:5 | Reached XP level 24. HP: 152/152 MP: 37/37
 61326 | Elf:1    | Entered Level 1 of the Elven Halls
 62155 | Elf:1    | Reached skill level 17 in Invocations
 62496 | Elf:2    | Reached skill level 16 in Fighting
 62504 | Elf:2    | Reached skill level 16 in Armour
 62649 | Elf:2    | Reached skill level 4 in Air Magic
 62861 | Elf:2    | Found a runed door.
 62888 | Elf:2    | Found a runed door.
 62915 | Elf:2    | Found Xunopety's Weapon Shoppe.
 63030 | Elf:2    | Reached skill level 11 in Spellcasting
 63036 | Elf:2    | Reached skill level 11 in Charms
 63721 | Elf:3    | Entered Level 3 of the Elven Halls
 63856 | Elf:3    | Found Riffymay's Jewellery Shoppe.
 64167 | Elf:3    | Found a runed door.
 64525 | Elf:3    | Identified the +10 glaive of Dishonesty {venom, rElec rPois
                  | rF+ Int+2}
 65457 | Elf:3    | Identified the +10 rapier "Qiapoigu" {vamp, Str+6}
 65457 | Elf:3    | Identified the ring "Dupt" {+Fly rF+ MP+9 Dex-2}
 65500 | Elf:3    | Reached skill level 5 in Air Magic
 65719 | Elf:3    | Reached skill level 10 in Dodging
 65756 | Elf:3    | Reached XP level 25. HP: 159/159 MP: 33/38
 65806 | Elf:3    | Identified the +9 spear of Tender Mercy {flame, rElec Str-5
                  | Int+5}
 65806 | Elf:3    | Identified the ring "Soibiedgh" {rF+ rC++ Stlth+}
 65861 | Elf:3    | Reached skill level 19 in Maces & Flails
 65940 | Elf:3    | Identified the Volume of Heresy
 65955 | Elf:3    | Got heavily runed swamp dragon scales
 65973 | Elf:3    | Identified the +1 swamp dragon scales "Wuasuor" {rPois MR+}
                  | (You took it off an orc on level 3 of the Elven Halls)
 66910 | Vaults:5 | Entered Level 5 of the Vaults
 67074 | Vaults:5 | HP: 33/159 [titan/the air (28)]
 67079 | Vaults:5 | HP: 28/159 [titan (6)]
 67110 | Vaults:5 | Reached skill level 5 in Shields
 67115 | Vaults:5 | HP: 35/159 [vault guard/+0 broad axe (11)]
 67122 | Vaults:5 | HP: 25/159 [vault guard/+0 broad axe (1)]
 67815 | Vaults:5 | Identified the +4 flail of Recklessness {crush, Int+3}
 67957 | Vaults:5 | Reached skill level 6 in Shields
 67969 | Vaults:5 | Identified the +5 hand axe "Wotaw" {drain, Str+3 Int+2
                  | Dex+4}
 67972 | Vaults:5 | Reached skill level 12 in Charms
 67972 | Vaults:5 | Identified the ring "Utatinei" {rElec rN+ Stlth+}
 67992 | Vaults:5 | Reached skill level 12 in Spellcasting
 68000 | Vaults:5 | HP: 35/160 [titan (14)]
 68005 | Vaults:5 | HP: 23/160 [spark wasp (glowing shapeshifter) (2)]
 68026 | Vaults:5 | HP: 24/160 [vault warden/+2 long sword of freezing (4)]
 68052 | Vaults:5 | HP: 28/160 [titan/the air (14)]
 68058 | Vaults:5 | HP: 15/160 [titan/the air (14)]
 68059 | Vaults:5 | Reached skill level 17 in Fighting
 68405 | Vaults:5 | Noticed an ancient lich
 68411 | Vaults:5 | Reached skill level 17 in Armour
 68423 | Vaults:5 | Killed an ancient lich
 68423 | Vaults:5 | Reached skill level 18 in Invocations
 68429 | Vaults:5 | Found the +8 frozen axe "Frostbite" {freezing cloud, *Noise
                  | +Fly rC+}
 68681 | Vaults:5 | Identified the +5 arbalest "Cahud" {freeze, +Fly Str-3
                  | Dex+7 Stlth+}
 68681 | Vaults:5 | Identified the ring "Lowusaf" {*Corrode +Inv rF+ rC+ Dex+3}
 68941 | Vaults:5 | Reached XP level 26. HP: 152/166 MP: 39/39
 69057 | Vaults:5 | Reached skill level 7 in Shields
 69297 | Vaults:5 | Got a silver rune of Zot
 69809 | Vaults:1 | Learned a level 1 spell: Apportation
 69937 | Depths:3 | Voluntarily entered the Abyss.
 70355 | Abyss:3  | Found a corrupted altar of Lugonu.
 70649 | Abyss:4  | Found a glowing golden altar of the Shining One.
 70697 | Abyss:4  | Noticed a juggernaut
 70711 | Abyss:4  | Killed a juggernaut
 70713 | Abyss:4  | Got an abyssal rune of Zot
 70760 | Abyss:4  | Found a hazy altar of Hepliaklqana.
 70984 | Abyss:4  | Reached skill level 8 in Shields
 70985 | Abyss:4  | Reached skill level 6 in Hexes
 71025 | Depths:3 | Escaped the Abyss
 71110 | Zot:1    | Entered Level 1 of the Realm of Zot
 71916 | Zot:1    | Noticed an orb of fire
 71944 | Zot:1    | Killed an orb of fire
 72303 | Zot:1    | HP: 40/168 [golden dragon (9)]
 72642 | Zot:1    | HP: 37/168 [black draconian/bolt of lightning (12)]
 72675 | Zot:1    | HP: 35/168 [black draconian/bolt of lightning (1)]
 73102 | Zot:1    | Reached skill level 9 in Shields
 73206 | Zot:1    | Reached XP level 27. HP: 163/173 MP: 39/39
 73222 | Zot:1    | Reached skill level 7 in Hexes
 73250 | Zot:1    | Reached skill level 13 in Translocations
 74874 | Zot:3    | Reached skill level 18 in Fighting
 74886 | Zot:3    | Reached skill level 20 in Maces & Flails
 74909 | Zot:3    | HP: 42/173 [storm dragon (17)]
 74910 | Zot:3    | HP: 16/173 [storm dragon (11)]
 75438 | Zot:3    | Reached skill level 18 in Armour
 75549 | Zot:3    | You are sucked into a shaft!
 75549 | Zot:4    | Found a transporter.
 75721 | Zot:4    | Found a transporter.
 75828 | Zot:3    | Reached skill level 19 in Invocations
 76353 | Zot:3    | Reached skill level 10 in Shields
 77145 | Zot:4    | Reached skill level 8 in Hexes
 78671 | Zot:5    | Entered Level 5 of the Realm of Zot
 79057 | Zot:4    | HP: 41/175 [storm dragon (17)]
 79787 | Zot:4    | Reached skill level 11 in Shields
 80132 | Zot:5    | Noticed an orb of fire
 80148 | Zot:5    | HP: 37/175 [orb of fire/fireball (14)]
 80149 | Zot:5    | Killed from afar by an orb of fire

Vault maps used:
D:1:      nzn_arrival_water_spiral
D:2:      lemuel_crystal_altar, first_ration
D:3:      marbit_many_paths, overflow_temple_1_default,
          gammafunk_temple_overflow_pools
D:4:      vehumet_statue, nicolae_overflow_crystal_walls
D:5:      minmay_temple_entry_glassed_door, gammafunk_ghost_icy, minivault_11,
          kennysheep_diamond, okawaru_altar_gauntlet_db
D:6:      kennysheep_slug_shrine
D:7:      grunt_livestock, kennysheep_generic_room_4
D:8:      gammafunk_temple_overflow_elements, erik_lair_orcish_takeover,
          grunt_decor_one_mirror, uniq_erica
D:9:      minmay_cut_squares, minmay_orc_entry_temple_small, serial_undead,
          serial_undead_a, serial_undead_a, serial_undead_e, serial_undead_e,
          serial_undead_d, serial_undead_d, serial_undead_e, serial_undead_c,
          uniq_erolcha
D:10:     serial_shops, nicolae_shop_behind_doors, enter_bailey_8
D:11:     enter_trove_1, gammafunk_ghost_nasty_kobolds
D:13:     hangedman_vaults_entry_quadrant_bands, jmf_multi_god_temple2
D:14:     hangedman_decor_push, chequers_serial_rivers_room_a,
          minmay_the_grid_square_5x5_3x3_mashed, uniq_azrael
D:15:     gammafunk_depths_entry_grave, minmay_misc_feat_tower,
          nrook_guardian_serpent_double
Lair:1:   grunt_megastairs_3
Lair:3:   minmay_swamp_entry_worms, nicolae_spider_entry_tight_spaces,
          basic_altar, portal_ice_cave_entry_pillars_1, serial_bayou_shore_b
Lair:4:   grunt_megastairs_1, infiniplex_staircase_pool_2, uniq_nessos,
          uniq_snorg, uniq_sonja
Lair:5:   gammafunk_lair_enchanted_lake, slime_dummy, lemuel_fruit_fields
Lair:6:   minmay_lair_end_enchanted_forest, chequers_serial_rivers_micro_d
Swamp:1:  evilmike_swamp_ruin_house_5, infiniplex_staircase_pool
Swamp:2:  wheals_swamp_sinkhole, swamp_pool1, nicolae_swamp_round_clearing
Swamp:3:  basic_altar
Swamp:4:  swamp_alternative
Spider:1: uniq_rupert, uniq_louise
Spider:3: nicolae_spider_corner
Spider:4: grunt_spider_rune_island, nicolae_spider_webs_and_nodes,
          spiders_nest_hornet_nest
Orc:1:    minmay_orc_temple_a
Orc:2:    grunt_orc_gardens, grunt_orc_garden, grunt_orc_garden,
          grunt_orc_garden, grunt_orc_garden, serial_shops, shop, shop, shop,
          nicolae_shop_competitors_out_of_business, lab_entry_generic
Elf:1:    eino_elf_arrival_the_gate, hangedman_elf_disciples
Elf:2:    serial_shops, shop
Elf:3:    grunt_elf_hall_diamonds, serial_shops, shop, hex_large, minivault_27,
          minivault_13
Vaults:1: grunt_vaults_trifunnel, v_misc_22, v_pattern_4,
          nicolae_vaults_little_squares_6, st_octagons_2, v_misc_11,
          nicolae_vaults_twisting_passages, grunt_vaults_hallway_long,
          nicolae_vaults_little_ls, v_misc_12, hangedman_vaults_nodes,
          vaults_room_hallway
Vaults:2: vaults_dpeg_ring, vaults_room_pools, vaults_room_octagon,
          nicolae_vaults_little_squares_4, v_misc_33, hangedman_vaults_trim
Vaults:3: nicolae_vaults_network_quinsquares, blue_anna_dwarven_crypt,
          nicolae_vaults_network_s, v_misc_22, ontoclasm_vaults_bender,
          v_misc_14, vaults_mumra_lcd, hangedman_vaults_stitches,
          vaults_room_pools, v_misc_17, ontoclasm_vaults_fault,
          nicolae_vaults_shelves_hall, vaults_mumra_hexcomb,
          nicolae_vaults_theta, serial_shops, shop, uniq_margery
Vaults:4: vaults_mumra_chevron_long, hangedman_vaults_locks,
          nicolae_vaults_little_squares_1, nicolae_vaults_angled_halls,
          vaults_dpeg_diagonal, ontoclasm_vaults_ring_square,
          vaults_dpeg_spiral, nicolae_vaults_yaktaur_gun_rack,
          nicolae_vaults_shelves_hall, dpeg_vaults_monster_row, v_misc_11,
          vaults_room_pools, v_misc_27, serial_shops, shop, shop,
          uniq_saint_roka
Vaults:5: serial_shops
Depths:1: minmay_misc_feat_rows, hangedman_tar_grid_catacomb, st_stairs_8,
          lemuel_flamethrower_2
Depths:2: evilmike_iron_armoury, tso_metal_star, hell_entry, ice2_lemuel,
          minmay_staircase_windowed_small, minmay_shop_grove
Depths:3: lemuel_minitomb, abyss_entry, infiniplex_staircase_zigzag_2,
          grunt_pan_entry_zigzag, lightli_too_deep, st_stairs_8, uniq_boris
Depths:4: minmay_tri_box, enter_ziggurat_c, rand_demon_pan_entry_1,
          evilmike_ruin_ashenzari, hell_entry, abyss_entry_small_statue_room,
          minmay_misc_feat_room
Depths:5: grunt_x_marks_the_spot, minmay_hedge_maze, hell_entry, serial_shops,
          shop, hangedman_stitches_earthworm
Zot:1:    kennysheep_ambush_hall
Zot:4:    gammafunk_sealed_arena
Abyss:2:  hangedman_abyss_town
Abyss:4:  evilmike_abyss_rune_tso_outpost, hangedman_elemental_corridor
IceCv:    ice_cave_tombish

Skill      XL: |  1  2  3  4  5  6  7  8  9 10 11 12 13 14 15 16 17 18 19 20 21 22 23 24 25 26 27 |
---------------+----------------------------------------------------------------------------------+-----
Fighting       | 3 4 5 8 10 12 13 14 15 16 17 18 | 18.7
Maces & Flails | 3 4 5 7 9 10 13 15 16 17 18 19 20 | 20.5
Translocations | 5 6 7 8 10 11 12 13 | 13.9
Charms         | 4 5 7 9 10 11 12 | 12.2
Shields        | 4 6 9 11 | 11.3
Armour         | 2 5 6 10 12 13 14 15 16 17 18 | 18.7
Dodging        | 2 5 8 9 10 | 10.0
Conjurations   | 5 6 |  6.9
Invocations    | 4 5 8 10 12 13 15 16 17 18 19 | 19.6
Spellcasting   | 5 6 8 9 10 11 12 | 12.2
Crossbows      | 3 5 9 11 12 13 14 | 14.0
Hexes          | 4 5 6 8 |  8.0
Air Magic      | 3 5 |  5.2
Throwing       | |  0.8

Action                   |  1- 3 |  4- 6 |  7- 9 | 10-12 | 13-15 | 16-18 | 19-21 | 22-24 | 25-27 || total
-------------------------+-------+-------+-------+-------+-------+-------+-------+-------+-------++-------
Melee: Mace              |   149 |    83 |       |       |       |       |       |       |       ||   232
       Whip              |       |    87 |   444 |  1624 |  3397 |  1871 |       |       |       ||  7423
       Morningstar       |       |       |    33 |       |       |       |       |       |       ||    33
       Hand axe          |       |       |       |    35 |       |       |       |       |       ||    35
       Dire flail        |       |       |       |       |       |   380 |       |       |       ||   380
       Eveningstar       |       |       |       |       |       |  1011 |  2143 |  2019 |  1960 ||  7133
 Fire: Shortbow          |       |       |     3 |       |       |       |       |       |       ||     3
       Hand crossbow     |       |       |       |       |    50 |   154 |    96 |   234 |   173 ||   707
Throw: Tomahawk          |       |       |       |     4 |       |       |       |       |       ||     4
 Cast: Shroud of Golubri |       |       |     1 |     3 |     6 |    10 |     5 |     2 |     2 ||    29
       Blink             |       |       |       |     7 |     8 |     4 |     2 |     2 |     5 ||    28
       Lesser Beckoning  |       |       |       |     2 |     3 |    13 |       |       |     3 ||    21
       Song of Slaying   |       |       |       |       |       |     5 |     9 |    38 |    23 ||    75
       Portal Projectile |       |       |       |       |       |       |       |    18 |    13 ||    31
       Apportation       |       |       |       |       |       |       |       |       |     1 ||     1
       Force Lance       |       |       |       |       |       |       |       |       |     1 ||     1
Invok: Vitalisation      |       |       |       |     4 |    25 |    16 |    15 |    11 |    17 ||    88
       Recite            |       |       |       |       |    11 |    29 |    59 |    57 |    54 ||   210
       Imprison          |       |       |       |       |     1 |       |       |       |       ||     1
       Sanctuary         |       |       |       |       |       |       |       |     3 |     2 ||     5
 Abil: Fly               |       |       |       |       |     1 |       |       |       |       ||     1
Evoke: Wand              |       |       |       |    13 |    32 |     3 |     6 |     1 |    13 ||    68
       Sack of spiders   |       |       |       |     1 |     1 |       |       |     1 |       ||     3
  Use: Scroll            |       |       |    17 |    13 |    16 |    17 |    11 |     9 |    17 ||   100
       Potion            |       |       |       |     9 |     9 |     6 |     8 |     2 |    12 ||    46
 Stab: Sleeping          |       |     1 |       |       |       |       |       |       |       ||     1
       Petrified         |       |       |       |       |     3 |       |       |       |       ||     3
       Invisible         |       |       |       |       |     7 |       |     7 |     1 |       ||    15
       Paralysed         |       |       |       |       |     5 |     7 |     9 |     3 |     2 ||    26
       Confused          |       |       |       |       |       |    14 |    40 |    18 |    24 ||    96
  Eat: Chunk             |     4 |     5 |     7 |    19 |    25 |    17 |    10 |     6 |     9 ||   102
       Ration            |       |       |     1 |     4 |     7 |     7 |     8 |    11 |    13 ||    51
Armor: Leather armour    |    39 |       |       |       |       |       |       |       |       ||    39
       Ring mail         |    44 |    44 |    94 |   161 |       |       |       |       |       ||   343
       Scale mail        |       |       |       |   217 |   757 |  1330 |   364 |       |       ||  2668
       Chain mail        |       |       |       |       |       |       |   611 |    21 |       ||   632
       Plate armour      |       |       |       |       |       |       |       |   933 |       ||   933
       Gold dragon scale |       |       |       |       |       |       |       |   474 |  1525 ||  1999
Dodge: Dodged            |   109 |   135 |   231 |   618 |  1615 |  2574 |  1591 |   970 |   434 ||  8277
Block: Buckler           |       |       |    16 |   153 |   468 |   818 |   577 |   704 |    17 ||  2753
       Reflection        |       |       |       |       |       |       |       |    25 |    32 ||    57
       Shield            |       |       |       |       |       |       |       |       |  1288 ||  1288

Table legend:
 A = Non-vault XP
 B = Vault XP
 C = Vault XP percentage of total XP
 D = Non-vault monster count
 E = Vault monster count
 F = Vault count percentage of total count
                 A         B        C        D         E       F
            +---------+---------+-------+---------+---------+-------
      Total |  884445 |  569209 |  39.2 |    1681 |     771 |  31.4
            +---------+---------+-------+---------+---------+-------
        D:1 |      19 |       0 |   0.0 |       9 |       0 |   0.0
        D:2 |      45 |       0 |   0.0 |      17 |       0 |   0.0
        D:3 |     132 |       0 |   0.0 |      23 |       0 |   0.0
        D:4 |     316 |       0 |   0.0 |      14 |       0 |   0.0
        D:5 |     987 |      39 |   3.8 |      20 |       7 |  25.9
        D:6 |     931 |       4 |   0.4 |      25 |       1 |   3.8
        D:7 |    1331 |    1001 |  42.9 |      20 |       6 |  23.1
        D:8 |    1902 |    1622 |  46.0 |      20 |      11 |  35.5
        D:9 |    2399 |    5070 |  67.9 |      31 |      30 |  49.2
       D:10 |    5700 |       0 |   0.0 |      65 |       0 |   0.0
       D:11 |    5718 |      45 |   0.8 |      43 |       1 |   2.3
       D:12 |    4343 |       0 |   0.0 |      31 |       0 |   0.0
       D:13 |   10443 |    9614 |  47.9 |      31 |      25 |  44.6
       D:14 |    6815 |   11017 |  61.8 |      19 |      24 |  55.8
       D:15 |   20083 |    5472 |  21.4 |      48 |      11 |  18.6
     Lair:1 |    3404 |    2176 |  39.0 |      20 |      11 |  35.5
     Lair:2 |    3234 |       0 |   0.0 |      16 |       0 |   0.0
     Lair:3 |    3410 |    2822 |  45.3 |      18 |      11 |  37.9
     Lair:4 |    6634 |    3860 |  36.8 |      28 |       8 |  22.2
     Lair:5 |    4491 |    5252 |  53.9 |      12 |      11 |  47.8
     Lair:6 |   18061 |    9422 |  34.3 |      66 |      48 |  42.1
    Swamp:1 |   13992 |       0 |   0.0 |      42 |       0 |   0.0
    Swamp:2 |   10587 |       0 |   0.0 |      30 |       0 |   0.0
    Swamp:3 |   12789 |    9820 |  43.4 |      33 |      10 |  23.3
    Swamp:4 |   16528 |    9122 |  35.6 |      30 |      14 |  31.8
   Spider:1 |   13431 |    4698 |  25.9 |      45 |       2 |   4.3
   Spider:2 |    8128 |       0 |   0.0 |      24 |       0 |   0.0
   Spider:3 |   12593 |   17108 |  57.6 |      31 |      36 |  53.7
   Spider:4 |   16112 |   26532 |  62.2 |      38 |      46 |  54.8
      Orc:1 |    5414 |     135 |   2.4 |      20 |       7 |  25.9
      Orc:2 |    5245 |   11941 |  69.5 |      19 |      26 |  57.8
      Elf:1 |   29449 |    8161 |  21.7 |      49 |      13 |  21.0
      Elf:2 |   24561 |   33317 |  57.6 |      43 |      36 |  45.6
      Elf:3 |   17418 |   36675 |  67.8 |      31 |      32 |  50.8
   Vaults:1 |   16188 |   29028 |  64.2 |      42 |      42 |  50.0
   Vaults:2 |   25044 |    4980 |  16.6 |      47 |       9 |  16.1
   Vaults:3 |   32005 |   25923 |  44.8 |      61 |      23 |  27.4
   Vaults:4 |   17669 |   19787 |  52.8 |      26 |      28 |  51.9
   Vaults:5 |   19043 |  122615 |  86.6 |      27 |      85 |  75.9
   Depths:1 |   35298 |    2133 |   5.7 |      62 |       2 |   3.1
   Depths:2 |   18943 |   24773 |  56.7 |      24 |      35 |  59.3
   Depths:3 |   45398 |   28634 |  38.7 |      57 |      27 |  32.1
   Depths:4 |   48901 |   19362 |  28.4 |      47 |      19 |  28.8
   Depths:5 |   45305 |   31147 |  40.7 |      44 |      27 |  38.0
      Zot:1 |   73732 |   12598 |  14.6 |      39 |       8 |  17.0
      Zot:2 |    7298 |       0 |   0.0 |       7 |       0 |   0.0
      Zot:3 |   58436 |       0 |   0.0 |      38 |       0 |   0.0
      Zot:4 |   77038 |    1630 |   2.1 |      47 |       1 |   2.1
      Zot:5 |   21758 |    9914 |  31.3 |      10 |       3 |  23.1
    Abyss:1 |   18916 |       0 |   0.0 |      23 |       0 |   0.0
    Abyss:2 |   12142 |       0 |   0.0 |      25 |       0 |   0.0
    Abyss:3 |    7358 |       0 |   0.0 |      18 |       0 |   0.0
    Abyss:4 |   17328 |   16777 |  49.2 |      26 |      13 |  33.3
      IceCv |       0 |    4983 | 100.0 |       0 |      22 | 100.0
            +---------+---------+-------+---------+---------+-------

Vault maps used:
D:1:      nzn_arrival_water_spiral
D:2:      lemuel_crystal_altar, first_ration
D:3:      marbit_many_paths, overflow_temple_1_default,
          gammafunk_temple_overflow_pools
D:4:      vehumet_statue, nicolae_overflow_crystal_walls
D:5:      minmay_temple_entry_glassed_door, gammafunk_ghost_icy, minivault_11,
          kennysheep_diamond, okawaru_altar_gauntlet_db
D:6:      kennysheep_slug_shrine
D:7:      grunt_livestock, kennysheep_generic_room_4
D:8:      gammafunk_temple_overflow_elements, erik_lair_orcish_takeover,
          grunt_decor_one_mirror, uniq_erica
D:9:      minmay_cut_squares, minmay_orc_entry_temple_small, serial_undead,
          serial_undead_a, serial_undead_a, serial_undead_e, serial_undead_e,
          serial_undead_d, serial_undead_d, serial_undead_e, serial_undead_c,
          uniq_erolcha
D:10:     serial_shops, nicolae_shop_behind_doors, enter_bailey_8
D:11:     enter_trove_1, gammafunk_ghost_nasty_kobolds
D:13:     hangedman_vaults_entry_quadrant_bands, jmf_multi_god_temple2
D:14:     hangedman_decor_push, chequers_serial_rivers_room_a,
          minmay_the_grid_square_5x5_3x3_mashed, uniq_azrael
D:15:     gammafunk_depths_entry_grave, minmay_misc_feat_tower,
          nrook_guardian_serpent_double
Lair:1:   grunt_megastairs_3
Lair:3:   minmay_swamp_entry_worms, nicolae_spider_entry_tight_spaces,
          basic_altar, portal_ice_cave_entry_pillars_1, serial_bayou_shore_b
Lair:4:   grunt_megastairs_1, infiniplex_staircase_pool_2, uniq_nessos,
          uniq_snorg, uniq_sonja
Lair:5:   gammafunk_lair_enchanted_lake, slime_dummy, lemuel_fruit_fields
Lair:6:   minmay_lair_end_enchanted_forest, chequers_serial_rivers_micro_d
Swamp:1:  evilmike_swamp_ruin_house_5, infiniplex_staircase_pool
Swamp:2:  wheals_swamp_sinkhole, swamp_pool1, nicolae_swamp_round_clearing
Swamp:3:  basic_altar
Swamp:4:  swamp_alternative
Spider:1: uniq_rupert, uniq_louise
Spider:3: nicolae_spider_corner
Spider:4: grunt_spider_rune_island, nicolae_spider_webs_and_nodes,
          spiders_nest_hornet_nest
Orc:1:    minmay_orc_temple_a
Orc:2:    grunt_orc_gardens, grunt_orc_garden, grunt_orc_garden,
          grunt_orc_garden, grunt_orc_garden, serial_shops, shop, shop, shop,
          nicolae_shop_competitors_out_of_business, lab_entry_generic
Elf:1:    eino_elf_arrival_the_gate, hangedman_elf_disciples
Elf:2:    serial_shops, shop
Elf:3:    grunt_elf_hall_diamonds, serial_shops, shop, hex_large, minivault_27,
          minivault_13
Vaults:1: grunt_vaults_trifunnel, v_misc_22, v_pattern_4,
          nicolae_vaults_little_squares_6, st_octagons_2, v_misc_11,
          nicolae_vaults_twisting_passages, grunt_vaults_hallway_long,
          nicolae_vaults_little_ls, v_misc_12, hangedman_vaults_nodes,
          vaults_room_hallway
Vaults:2: vaults_dpeg_ring, vaults_room_pools, vaults_room_octagon,
          nicolae_vaults_little_squares_4, v_misc_33, hangedman_vaults_trim
Vaults:3: nicolae_vaults_network_quinsquares, blue_anna_dwarven_crypt,
          nicolae_vaults_network_s, v_misc_22, ontoclasm_vaults_bender,
          v_misc_14, vaults_mumra_lcd, hangedman_vaults_stitches,
          vaults_room_pools, v_misc_17, ontoclasm_vaults_fault,
          nicolae_vaults_shelves_hall, vaults_mumra_hexcomb,
          nicolae_vaults_theta, serial_shops, shop, uniq_margery
Vaults:4: vaults_mumra_chevron_long, hangedman_vaults_locks,
          nicolae_vaults_little_squares_1, nicolae_vaults_angled_halls,
          vaults_dpeg_diagonal, ontoclasm_vaults_ring_square,
          vaults_dpeg_spiral, nicolae_vaults_yaktaur_gun_rack,
          nicolae_vaults_shelves_hall, dpeg_vaults_monster_row, v_misc_11,
          vaults_room_pools, v_misc_27, serial_shops, shop, shop,
          uniq_saint_roka
Vaults:5: serial_shops
Depths:1: minmay_misc_feat_rows, hangedman_tar_grid_catacomb, st_stairs_8,
          lemuel_flamethrower_2
Depths:2: evilmike_iron_armoury, tso_metal_star, hell_entry, ice2_lemuel,
          minmay_staircase_windowed_small, minmay_shop_grove
Depths:3: lemuel_minitomb, abyss_entry, infiniplex_staircase_zigzag_2,
          grunt_pan_entry_zigzag, lightli_too_deep, st_stairs_8, uniq_boris
Depths:4: minmay_tri_box, enter_ziggurat_c, rand_demon_pan_entry_1,
          evilmike_ruin_ashenzari, hell_entry, abyss_entry_small_statue_room,
          minmay_misc_feat_room
Depths:5: grunt_x_marks_the_spot, minmay_hedge_maze, hell_entry, serial_shops,
          shop, hangedman_stitches_earthworm
Zot:1:    kennysheep_ambush_hall
Zot:4:    gammafunk_sealed_arena
Abyss:2:  hangedman_abyss_town
Abyss:4:  evilmike_abyss_rune_tso_outpost, hangedman_elemental_corridor
IceCv:    ice_cave_tombish

Table legend:
 A = Turns spent in this place as a percentage of turns spent in the entire game.
 B = Non-inter-level travel turns spent in this place as a percentage of non-inter-level travel turns spent in the entire game.
 C = Inter-level travel turns spent in this place as a percentage of turns spent in this place.
 D = Turns resting spent in this place as a percentage of non-inter-level travel turns spent in this place.
 E = Turns spent auto-exploring this place as a percentage of non-inter-level travel turns spent in this place.
 F = Non-inter-level travel turns spent in this place divided by the number of levels of this place that you've seen.
                   A       B       C       D       E      F
               +-------+-------+-------+-------+-------+----------------------
         Total | 100.0 | 100.0 |   7.6 |  13.7 |  52.4 | 1346.3
       Dungeon |  26.3 |  25.0 |  12.0 |   6.5 |  57.7 | 1236.5
          Lair |  10.4 |  10.3 |   8.5 |   2.0 |  59.8 | 1272.3
         Swamp |   5.7 |   5.9 |   3.7 |   7.9 |  54.7 | 1091.0
   Spider Nest |   6.0 |   6.2 |   4.2 |   3.1 |  62.5 | 1148.5
  Orcish Mines |   3.5 |   3.2 |  16.7 |  12.7 |  44.3 | 1173.0
   Elven Halls |   6.5 |   6.7 |   4.5 |  18.3 |  50.5 | 1660.7
        Vaults |  12.7 |  12.5 |   8.8 |  14.1 |  52.7 | 1851.2
        Depths |  13.8 |  14.3 |   3.8 |  23.6 |  46.5 | 2123.2
           Zot |  10.6 |  10.8 |   5.5 |  25.8 |  52.7 | 1601.2
         Abyss |   1.9 |   2.0 |   0.0 |   2.2 |  32.4 | 303.4
      Ice Cave |   2.7 |   3.0 |   0.0 |  55.0 |   9.1 | 2186.0
               +-------+-------+-------+-------+-------+----------------------

Table legend:
 A = Kills in this place as a percentage of kills in entire the game.
 B = Kills by you in this place as a percentage of kills by you in the entire game.
 C = Kills by friends in this place as a percentage of kills by friends in the entire game.
 D = Other kills in this place as a percentage of other kills in the entire game.
 E = Experience gained in this place as a percentage of experience gained in the entire game.
 F = Experience gained in this place divided by the number of levels of this place that you have seen.
                   A       B       C       D       E      F
               +-------+-------+-------+-------+-------+----------------------
         Total | 100.0 | 100.0 | 100.0 | 100.0 | 100.0 | 26430.1
       Dungeon |  21.7 |  21.9 |   0.0 |   3.8 |   6.5 | 6336.5
          Lair |  10.2 |  10.2 |  25.0 |   0.0 |   4.3 | 10461.0
         Swamp |   6.5 |   6.5 |   0.0 |   7.7 |   5.0 | 18209.5
   Spider Nest |   9.1 |   9.1 |   0.0 |   3.8 |   6.8 | 24650.5
  Orcish Mines |   2.9 |   2.9 |   0.0 |   3.8 |   1.6 | 11367.5
   Elven Halls |   8.3 |   8.3 |   0.0 |  11.5 |  10.3 | 49860.3
        Vaults |  15.9 |  15.4 |  50.0 |  53.8 |  21.5 | 62456.4
        Depths |  14.0 |  14.1 |  25.0 |   7.7 |  20.6 | 59978.8
           Zot |   6.2 |   6.2 |   0.0 |   7.7 |  18.1 | 52480.8
         Abyss |   4.3 |   4.3 |   0.0 |   0.0 |   5.0 | 14504.2
      Ice Cave |   0.9 |   0.9 |   0.0 |   0.0 |   0.3 | 4983.0
               +-------+-------+-------+-------+-------+----------------------
